TOP OF THE 1ST |
Salt Lake City Buzz batting - Pitching for Port Royal Disaster : RHP Reynaldo Ortíz
|
Pitching: RHP Reynaldo Ortíz
|
|
Batting: RHB Alejandro Herrera
|
0-0: Foul Ball, location: 2F 0-1: Called Strike 0-2: Ball 1-2: Ball 2-2: Ball 3-2: Foul Ball, location: 2F 3-2: Base on Balls
|
Batting: RHB Jung-hwan Kwon
|
0-0: Ball 1-0: Called Strike 1-1: Ball 2-1: Swinging Strike 2-2: Foul Ball, location: 2F 2-2: Ball 3-2: Foul Ball, location: 2F 3-2: Foul Ball, location: 2F 3-2: Fly out, F5 (Line Drive, 56D)
|
Batting: LHB Qi-zhen Loong
|
0-0: Ball 1-0: Ball 2-0: Ball 3-0: Foul Ball, location: 2F 3-1: Foul Ball, location: 2F 3-2: Strikes out looking Alejandro Herrera steals 2nd base Batter strikes out.
|
Batting: RHB Vicente Cruz
|
0-0: Ball 1-0: Foul Ball, location: 2F 1-1: Reached on error, E6 (Groundball, 6) Alejandro Herrera to third
|
Batting: LHB Randy Schlosser
|
0-0: Ball 1-0: Ball 2-0: Swinging Strike 2-1: Swinging Strike 2-2: Ball 3-2: Base on Balls Vicente Cruz to second
|
Batting: RHB Thom Wilcox
|
0-0: Called Strike 0-1: Foul Ball, location: 2F 0-2: Strikes out looking
|
Top of the 1st over - 0 run(s), 0 hit(s), 1 error(s), 3 left on base; Salt Lake City 0 - Port Royal 0 |
BOTTOM OF THE 1ST |
Port Royal Disaster batting - Pitching for Salt Lake City Buzz : RHP Caleb Sobieski
|
Pitching: RHP Caleb Sobieski
|
|
Batting: LHB Ricky Payton
|
0-0: Called Strike 0-1: SINGLE (Flyball, 8RS)
|
Batting: RHB Nelson Abbey
|
0-0: Called Strike 0-1: Foul Ball, location: 2F 0-2: Ball 1-2: Grounds into double play, 6-4-3 (Groundball, 6)
|
Batting: RHB Winston Sparks
|
0-0: Ground out 5-3 (Groundball, 56S)
|
Bottom of the 1st over - 0 run(s), 1 hit(s), 0 error(s), 0 left on base; Salt Lake City 0 - Port Royal 0 |
TOP OF THE 2ND |
Salt Lake City Buzz batting - Pitching for Port Royal Disaster : RHP Reynaldo Ortíz
|
Batting: RHB Justin MacPherson
|
0-0: Swinging Strike 0-1: Ground out 5-3 (Groundball, 56S)
|
Batting: LHB Roberto Soto
|
0-0: Called Strike 0-1: Ball 1-1: Ground out 6-3 (Groundball, 6S)
|
Batting: RHB Erwin Chapman
|
0-0: Called Strike 0-1: Swinging Strike 0-2: Ball 1-2: Strikes out swinging
|
Top of the 2nd over - 0 run(s), 0 hit(s), 0 error(s), 0 left on base; Salt Lake City 0 - Port Royal 0 |
BOTTOM OF THE 2ND |
Port Royal Disaster batting - Pitching for Salt Lake City Buzz : RHP Caleb Sobieski
|
Batting: RHB Loren Stallings
|
0-0: Fly out, F8 (Flyball, 8RD)
|
Batting: RHB Marvin Hunter
|
0-0: Ball 1-0: Ball 2-0: Ground out 6-3 (Groundball, 6)
|
Batting: RHB Brandon Cooper
|
0-0: Ball 1-0: SINGLE (Groundball, 34D)
|
Batting: LHB Bob Daugherty
|
0-0: Ball 1-0: Fielders Choice at 2nd, 6-4 (Groundball, 6)
|
Bottom of the 2nd over - 0 run(s), 1 hit(s), 0 error(s), 0 left on base; Salt Lake City 0 - Port Royal 0 |
TOP OF THE 3RD |
Salt Lake City Buzz batting - Pitching for Port Royal Disaster : RHP Reynaldo Ortíz
|
Batting: RHB Alejandro Herrera
|
0-0: Called Strike 0-1: Swinging Strike 0-2: Strikes out swinging
|
Batting: RHB Jung-hwan Kwon
|
0-0: Foul Ball, location: 2F 0-1: Swinging Strike 0-2: Ball 1-2: Strikes out swinging
|
Batting: LHB Qi-zhen Loong
|
0-0: Ground out 6-3 (Groundball, 6M)
|
Top of the 3rd over - 0 run(s), 0 hit(s), 0 error(s), 0 left on base; Salt Lake City 0 - Port Royal 0 |
BOTTOM OF THE 3RD |
Port Royal Disaster batting - Pitching for Salt Lake City Buzz : RHP Caleb Sobieski
|
Batting: RHB Zach Lewis
|
0-0: Called Strike 0-1: Ball 1-1: Ball 2-1: Foul Ball, location: 2F 2-2: Foul Ball, location: 2F 2-2: Ball 3-2: Base on Balls
|
Batting: RHB Ronnie Cleveland
|
0-0: Called Strike 0-1: Ball 1-1: Ball 2-1: Fly out, F7 (Flyball, 78M)
|
Batting: LHB Ricky Payton
|
0-0: Hit by Pitch Zach Lewis to second
|
Batting: RHB Nelson Abbey
|
0-0: Swinging Strike 0-1: Ball 1-1: Fielders Choice at 2nd, 1-6 (Groundball, 13) Zach Lewis to third
|
Batting: RHB Winston Sparks
|
0-0: Ball 1-0: Ball 2-0: Ball 3-0: Base on Balls Nelson Abbey to second
|
Batting: RHB Loren Stallings
|
0-0: Called Strike 0-1: Ball 1-1: Foul Ball, location: 2F 1-2: Ball 2-2: Ball 3-2: Base on Balls Zach Lewis scores Nelson Abbey to third Winston Sparks to second
|
Batting: RHB Marvin Hunter
|
0-0: Ball 1-0: Called Strike 1-1: Fly out, F8 (Flyball, 8LS)
|
Bottom of the 3rd over - 1 run(s), 0 hit(s), 0 error(s), 3 left on base; Salt Lake City 0 - Port Royal 1 |
TOP OF THE 4TH |
Salt Lake City Buzz batting - Pitching for Port Royal Disaster : RHP Reynaldo Ortíz
|
Batting: RHB Vicente Cruz
|
0-0: Foul Ball, location: 2F 0-1: SINGLE (Groundball, 6D)
|
Batting: LHB Randy Schlosser
|
0-0: Foul Ball, location: 2F 0-1: Ball 1-1: Called Strike 1-2: Fly out, F9 (Flyball, 9LMF)
|
Batting: RHB Thom Wilcox
|
0-0: Ball 1-0: Ball Vicente Cruz steals 2nd base 2-0: Foul Ball, location: 2F 2-1: Ground out 4-3 (Groundball, 4) Vicente Cruz to third
|
Batting: RHB Justin MacPherson
|
0-0: Ball 1-0: Ground out 4-3 (Groundball, 4)
|
Top of the 4th over - 0 run(s), 1 hit(s), 0 error(s), 1 left on base; Salt Lake City 0 - Port Royal 1 |
BOTTOM OF THE 4TH |
Port Royal Disaster batting - Pitching for Salt Lake City Buzz : RHP Caleb Sobieski
|
Batting: RHB Brandon Cooper
|
0-0: Swinging Strike 0-1: Swinging Strike 0-2: Ball 1-2: Ball 2-2: DOUBLE (Flyball, 89D)
|
Batting: LHB Bob Daugherty
|
0-0: Ball 1-0: Ground out U3 (Groundball, 34) Brandon Cooper to third
|
Batting: RHB Zach Lewis
|
0-0: Ground out 4-3 (Groundball, 4) Brandon Cooper scores
|
Batting: RHB Ronnie Cleveland
|
0-0: Ball 1-0: Ball 2-0: Ball 3-0: Base on Balls
|
Batting: LHB Ricky Payton
|
0-0: Foul Ball, location: 2F 0-1: Ball 1-1: Ball 2-1: SINGLE (Line Drive, 9LM) Ronnie Cleveland to second
|
Batting: RHB Nelson Abbey
|
0-0: Ball 1-0: Ball 2-0: SINGLE (Line Drive, 6MD) Ronnie Cleveland to third Ricky Payton to second
|
Batting: RHB Winston Sparks
|
0-0: Ball 1-0: Swinging Strike 1-1: Swinging Strike 1-2: Fly out, F3 (Popup, 3L)
|
Bottom of the 4th over - 1 run(s), 3 hit(s), 0 error(s), 3 left on base; Salt Lake City 0 - Port Royal 2 |
TOP OF THE 5TH |
Salt Lake City Buzz batting - Pitching for Port Royal Disaster : RHP Reynaldo Ortíz
|
Batting: LHB Roberto Soto
|
0-0: Fly out, F4 (Line Drive, 4)
|
Batting: RHB Erwin Chapman
|
0-0: Called Strike 0-1: Called Strike 0-2: Ball 1-2: Foul Ball, location: 2F 1-2: Ground out U3 (Groundball, 34)
|
Batting: RHB Alejandro Herrera
|
0-0: Foul Ball, location: 2F 0-1: Ground out U3 (Groundball, 34)
|
Top of the 5th over - 0 run(s), 0 hit(s), 0 error(s), 0 left on base; Salt Lake City 0 - Port Royal 2 |
BOTTOM OF THE 5TH |
Port Royal Disaster batting - Pitching for Salt Lake City Buzz : RHP Caleb Sobieski
|
Batting: RHB Loren Stallings
|
0-0: Called Strike 0-1: Called Strike 0-2: Ball 1-2: Ball 2-2: Strikes out swinging
|
Batting: RHB Marvin Hunter
|
0-0: DOUBLE (Line Drive, 78D)
|
Batting: RHB Brandon Cooper
|
0-0: Foul Ball, location: 2F 0-1: Hit by Pitch
|
Batting: LHB Bob Daugherty
|
0-0: Called Strike 0-1: Ball 1-1: Ball 2-1: Called Strike 2-2: Ball 3-2: Foul Ball, location: 2F 3-2: Strikes out swinging
|
Batting: RHB Zach Lewis
|
0-0: Ball Wild Pitch! Marvin Hunter to third Brandon Cooper to second 1-0: Ball 2-0: Foul Ball, location: 2F 2-1: SINGLE (Groundball, 56D) Marvin Hunter scores Brandon Cooper to third Runner from 3rd tries for Home, SAFE, no throw
|
Batting: RHB Ronnie Cleveland
|
0-0: Called Strike 0-1: Swinging Strike 0-2: Ball 1-2: Ball 2-2: Ground out 1-3 (Groundball, 13S)
|
Bottom of the 5th over - 2 run(s), 2 hit(s), 0 error(s), 1 left on base; Salt Lake City 0 - Port Royal 4 |
TOP OF THE 6TH |
Salt Lake City Buzz batting - Pitching for Port Royal Disaster : RHP Reynaldo Ortíz
|
Batting: RHB Jung-hwan Kwon
|
0-0: Ball 1-0: Ball 2-0: Called Strike 2-1: Called Strike 2-2: SINGLE (Groundball, 3D)
|
Batting: LHB Qi-zhen Loong
|
0-0: Ball 1-0: Ball 2-0: Swinging Strike 2-1: Fielders Choice at 2nd, 4-6 (Groundball, 34)
|
Batting: RHB Vicente Cruz
|
0-0: Fielders Choice at 2nd, 6-4 (Groundball, 6)
|
Batting: LHB Randy Schlosser
|
0-0: Called Strike 0-1: Swinging Strike 0-2: Foul Ball, location: 2F 0-2: Foul Ball, location: 2F 0-2: Strikes out looking
|
Top of the 6th over - 0 run(s), 1 hit(s), 0 error(s), 1 left on base; Salt Lake City 0 - Port Royal 4 |
BOTTOM OF THE 6TH |
Port Royal Disaster batting - Pitching for Salt Lake City Buzz : RHP Caleb Sobieski
|
Batting: LHB Ricky Payton
|
0-0: Ball 1-0: Foul Ball, location: 2F 1-1: Foul Ball, location: 2F 1-2: Ball 2-2: Ground out 5-3 (Groundball, 25)
|
Batting: RHB Nelson Abbey
|
0-0: Ball 1-0: Fly out, F8 (Flyball, 8LM)
|
Batting: RHB Winston Sparks
|
0-0: Called Strike 0-1: Swinging Strike 0-2: SINGLE (Line Drive, 78M)
|
Pitching: LHP Léonard Moreau
|
|
Batting: RHB Loren Stallings
|
0-0: Ball 1-0: Called Strike 1-1: Ball 2-1: Swinging Strike 2-2: SINGLE (Line Drive, 56D) Winston Sparks to second
|
Batting: RHB Marvin Hunter
|
0-0: SINGLE (Flyball, 8LS) Winston Sparks to third Loren Stallings to second Runner from 3rd tries for Home, SAFE, no throw
|
Batting: RHB Brandon Cooper
|
0-0: Fly out, F7 (Flyball, 78M)
|
Bottom of the 6th over - 1 run(s), 3 hit(s), 0 error(s), 2 left on base; Salt Lake City 0 - Port Royal 5 |
TOP OF THE 7TH |
Salt Lake City Buzz batting - Pitching for Port Royal Disaster : RHP Reynaldo Ortíz
|
Batting: RHB Thom Wilcox
|
0-0: Swinging Strike 0-1: Swinging Strike 0-2: Ball 1-2: Ball 2-2: Ball 3-2: Strikes out swinging
|
Batting: RHB Justin MacPherson
|
0-0: Foul Ball, location: 2F 0-1: Ball 1-1: Called Strike 1-2: Ball 2-2: Ball 3-2: Foul Ball, location: 2F 3-2: Foul Ball, location: 2F 3-2: Base on Balls
|
Pitching: RHP Joe Griffin
|
|
Batting: LHB Roberto Soto
|
0-0: Foul Ball, location: 2F 0-1: Ball Justin MacPherson steals 2nd base 1-1: Foul Ball, location: 2F 1-2: Strikes out swinging
|
Batting: RHB Erwin Chapman
|
0-0: Ball 1-0: Ball 2-0: Ball 3-0: Called Strike 3-1: SINGLE (Line Drive, 9S) Justin MacPherson to third Runner from 3rd tries for Home, SAFE, no throw
|
Batting: RHB Alejandro Herrera
|
0-0: Swinging Strike 0-1: Ball 1-1: Foul Ball, location: 2F 1-2: Foul Ball, location: 2F 1-2: Ball 2-2: Strikes out swinging
|
Top of the 7th over - 1 run(s), 1 hit(s), 0 error(s), 1 left on base; Salt Lake City 1 - Port Royal 5 |
BOTTOM OF THE 7TH |
Port Royal Disaster batting - Pitching for Salt Lake City Buzz : LHP Léonard Moreau
|
Batting: LHB Bob Daugherty
|
0-0: Fly out, F8 (Flyball, 8LS)
|
Batting: RHB Zach Lewis
|
0-0: Reached on error, E6 (Groundball, 6)
|
Batting: RHB Ronnie Cleveland
|
0-0: Ball 1-0: Ball 2-0: Ball 3-0: Called Strike 3-1: Called Strike 3-2: Fly out, F7 (Flyball, 7D)
|
Batting: LHB Ricky Payton
|
0-0: Called Strike 0-1: Ball 1-1: Ball 2-1: Ball 3-1: Base on Balls Zach Lewis to second
|
Batting: RHB Nelson Abbey
|
0-0: Ball 1-0: Ball 2-0: Ball 3-0: Called Strike 3-1: Base on Balls Zach Lewis to third Ricky Payton to second
|
Batting: RHB Winston Sparks
|
0-0: Called Strike 0-1: Ball 1-1: Ball 2-1: Ground out 5-3 (Groundball, 56S)
|
Bottom of the 7th over - 0 run(s), 0 hit(s), 1 error(s), 3 left on base; Salt Lake City 1 - Port Royal 5 |
TOP OF THE 8TH |
Salt Lake City Buzz batting - Pitching for Port Royal Disaster : RHP Joe Griffin
|
Batting: RHB Jung-hwan Kwon
|
0-0: Called Strike 0-1: SINGLE (Groundball, 34D)
|
Batting: LHB Qi-zhen Loong
|
0-0: Ball 1-0: SINGLE (Groundball, 4MD) Jung-hwan Kwon to second Runner from 2nd tries for 3rd, SAFE, no throw
|
Pitching: RHP Alfredo Hernández
|
|
Batting: RHB Vicente Cruz
|
0-0: Ball 1-0: Ball 2-0: Called Strike 2-1: Foul Ball, location: 2F 2-2: Ball 3-2: Strikes out swinging
|
Batting: LHB Randy Schlosser
|
0-0: Ball 1-0: Called Strike 1-1: Fly out, F9 (Flyball, 9LSF) Runner from 3rd tags up, SCORES, no throw
|
Batting: RHB Thom Wilcox
|
0-0: Ball 1-0: Ball 2-0: Called Strike 2-1: Ball 3-1: Base on Balls Qi-zhen Loong to second
|
Batting: RHB Justin MacPherson
|
0-0: Ball 1-0: Called Strike 1-1: Ball 2-1: Ball 3-1: SINGLE (Groundball, 56D) Qi-zhen Loong to third Thom Wilcox to second Runner from 3rd tries for Home, SAFE, no throw
|
Pinch Hitting: LHB Yannick Hendriksen
|
0-0: Called Strike 0-1: Fly out, F7 (Flyball, 7LM)
|
Top of the 8th over - 2 run(s), 3 hit(s), 0 error(s), 2 left on base; Salt Lake City 3 - Port Royal 5 |
BOTTOM OF THE 8TH |
Port Royal Disaster batting - Pitching for Salt Lake City Buzz : LHP Léonard Moreau
|
Pitching: LHP Roberto De La Cruz
|
|
Now at 2B: Josh Stafford
|
|
Batting: RHB Loren Stallings
|
0-0: Ball 1-0: Foul Ball, location: 2F 1-1: Foul Ball, location: 2F 1-2: Ground out 5-3 (Groundball, 56S)
|
Batting: RHB Marvin Hunter
|
0-0: Called Strike 0-1: SOLO HOME RUN (Flyball, 8LXD), Distance : 437 ft
|
Batting: RHB Brandon Cooper
|
0-0: Called Strike 0-1: Called Strike 0-2: Ball 1-2: Ball 2-2: Ball 3-2: Fly out, F8 (Flyball, 78D)
|
Batting: LHB Bob Daugherty
|
0-0: Swinging Strike 0-1: Called Strike 0-2: Ball 1-2: Ball 2-2: Fly out, F9 (Line Drive, 89M)
|
Bottom of the 8th over - 1 run(s), 1 hit(s), 0 error(s), 0 left on base; Salt Lake City 3 - Port Royal 6 |
TOP OF THE 9TH |
Salt Lake City Buzz batting - Pitching for Port Royal Disaster : RHP Alfredo Hernández
|
Pitching: RHP Cipriano Costa
|
|
Batting: RHB Erwin Chapman
|
0-0: Called Strike 0-1: Ground out 5-3 (Groundball, 56)
|
Batting: RHB Alejandro Herrera
|
0-0: Ball 1-0: Ball 2-0: Swinging Strike 2-1: Ball 3-1: Foul Ball, location: 2F 3-2: Base on Balls
|
Batting: RHB Jung-hwan Kwon
|
0-0: Called Strike 0-1: Called Strike 0-2: Ball 1-2: SINGLE (Groundball, 15S) (infield hit) Alejandro Herrera to second
|
Batting: LHB Qi-zhen Loong
|
0-0: Ball 1-0: Fly out, F5 (Popup, 56S)
|
Batting: RHB Vicente Cruz
|
0-0: Foul Ball, location: 2F 0-1: Called Strike 0-2: SINGLE (Groundball, 56D) Alejandro Herrera to third Jung-hwan Kwon to second Runner from 3rd tries for Home, SAFE, throw made at trailing runner, OUT at third!
|
Top of the 9th over - 1 run(s), 2 hit(s), 0 error(s), 1 left on base; Salt Lake City 4 - Port Royal 6 |
|